 Dungeon Crawl Stone Soup version 0.21.1-1-g345015f (webtiles) character file.

11043 VLARC the Carver (level 11, -11/65 HPs)
             Began as a Vine Stalker Gladiator on Mar 25, 2018.
             Was a Believer of Uskayaw.
             Mangled by a two-headed ogre
             ... wielding a +0 dire flail
              (17 damage)
             ... on level 11 of the Dungeon.
             The game lasted 00:21:54 (8248 turns).

VLARC the Carver (Vine Stalker Gladiator)           Turns: 8248, Time: 00:21:55

Health: -11/65     AC:  6    Str: 24    XL:     11   Next: 71%
Magic:  0/15       EV: 12    Int:  8    God:    Uskayaw [**....]
Gold:   659        SH:  6    Dex: 15    Spells: 10/10 levels left

rFire    . . .     SeeInvis .   B - +7 Screaming Sword
rCold    . . .     Gourm    .   (no shield)
rNeg     . . .     Faith    .   y - +0 ring mail "Zuonecogh" {Str+3} (curse)
rPois    +         Spirit   +   D - +0 helmet (curse)
rElec    .         Reflect  +   (no cloak)
rCorr    .         Harm     .   (no gloves)
MR       ++...                  (no boots)
Stlth    +.........             E - +6 amulet of reflection
HPRegen  0.60/turn              s - ring of poison resistance
MPRegen  0.14/turn              j - ring of protection from magic

@: no status effects
A: fangs 3, regeneration 1, magic shield, antimagic bite, no potion heal 3, rot
immunity
a: Stomp, Line Pass, Renounce Religion


You were on level 11 of the Dungeon.
You worshipped Uskayaw.
Uskayaw was noncommittal.
You were not hungry.

You visited 1 branch of the dungeon, and saw 11 of its levels.

You collected 659 gold pieces.

Inventory:

Hand Weapons
 c - a +0 scimitar of flaming
 B - the +7 Screaming Sword (weapon)
   (You found it on level 5 of the Dungeon)
Armour
 y - the cursed +0 ring mail "Zuonecogh" (worn) {Str+3}
   (You found it on level 8 of the Dungeon)

   It affects your strength (+3).
   It has a curse placed upon it.
 D - a cursed +0 helmet (worn)
Jewellery
 j - a ring of protection from magic (right hand)
 s - a ring of poison resistance (left hand)
 E - a +6 amulet of reflection (around neck)
Wands
 a - a wand of flame (30)
 p - a wand of iceblast (2)
 v - a wand of random effects (56)
 C - a wand of polymorph (14)
 G - a wand of acid (8)
Scrolls
 e - 6 scrolls of enchant armour
 i - 7 scrolls of teleportation
 m - 2 scrolls of blinking
 n - 5 scrolls of remove curse
 o - 2 scrolls of magic mapping
 q - a scroll of fear
Potions
 g - a potion of agility
 h - 3 potions of brilliance
 k - a potion of resistance
 l - 7 potions of curing
 r - a potion of haste
 t - a potion of might
 u - a potion of cancellation {unknown}
 w - 5 potions of degeneration {unknown}
 x - a potion of magic {unknown}
 z - a potion of mutation {unknown}
 A - 3 potions of lignification
 H - a potion of heal wounds {unknown}
Comestibles
 b - a chunk of flesh
 f - 23 rations


   Skills:
 - Level 11.0 Fighting
 + Level 11.9 Long Blades
 - Level 1.7 Throwing
 - Level 2.4 Dodging
 + Level 4.9 Invocations


You had 10 spell levels left.
You didn't know any spells.

Dungeon Overview and Level Annotations

Branches:
Dungeon (11/15)            Temple (0/1) D:5             Orc (0/2) D:11
   Lair: D:8-11

Altars:
Ashenzari
Cheibriados
Elyvilon
Gozag
Hepliaklqana
Qazlal
Ru
Uskayaw
Vehumet

Annotations:
D:9 Erolcha


Innate Abilities, Weirdness & Mutations

You have razor-sharp teeth.
Your natural rate of healing is unusually fast.
When hurt, damage is shared between your health and your magic reserves.
Your bite disrupts and absorbs the magic of your enemies.
Potions cannot restore your health.
You are immune to rotting.


Message History

The Screaming Sword shouts, "Onwards!
It's kill or die!"
The red ugly thing and the two-headed ogre are hurt by the noise.
The red ugly thing kicks you!
You are engulfed in flames!!
Uskayaw will force your foes to helplessly watch your dance.
Unknown command.
You stomp with the beat, sending a shockwave through the revelers around you!
The red ugly thing is almost dead.
The two-headed ogre is heavily wounded.
You feel somewhat more hungry.
The two-headed ogre hits you with a dire flail!
The two-headed ogre closely misses you. The red ugly thing closely misses you.
You riposte.
You slash the red ugly thing!
You kill the red ugly thing!
Uskayaw will force your foes to helplessly watch your dance.
You slash the two-headed ogre!
The two-headed ogre is heavily wounded.
The two-headed ogre hits you with a dire flail!!
* * * LOW HITPOINT WARNING * * *
The two-headed ogre hits you with a giant spiked club!
You die...

####.####
#.......#
#.......#
#.......# #.....#
#####.# #.....#
#.##### #.O@..#
#####.###########
#.....#.....#
#####.#.###.####
#.#.........
#.#####.####
#)#.....#
#######)#.#####
#.).)...#.#


You could see a two-headed ogre.

Vanquished Creatures
  Erica (D:8)
  3 two-headed ogres
  The ghost of ZomBoFoB the Cudgeler, a novice OgGl (D:7)
  An unseen horror (D:10)
  Pikel (D:7)
  An ugly thing (D:11)
  3 hippogriffs
  A hornet (D:11)
  Sigmund (D:5)
  The ghost of Mirai the Magician, an amateur DECj (D:4)
  A wraith (D:9)
  5 yaks (D:10)
  Eustachio (D:5)
  A hungry ghost (D:11)
  Menkaure (D:6)
  Edmund (D:5)
  Duvessa (D:5)
  2 orc warriors (D:10)
  2 slaves (D:7)
  A black bear (D:10)
  A phantom (D:11)
  2 ice beasts
  6 ogres
  4 centaurs
  A big kobold (D:10)
  A bullfrog (D:8)
  A water moccasin zombie (D:7)
  Dowan (D:5)
  5 scorpions
  2 troll zombies (D:11)
  4 howler monkeys
  9 wights
  2 crimson imps
  A bullfrog zombie (D:7)
  A hound (D:6)
  2 bullfrog skeletons
  12 orc priests
  A jelly (D:8)
  8 orc wizards
  2 iguanas
  Terence (D:2)
  6 worker ants
  6 ogre zombies (D:11)
  3 hound skeletons
  A hound zombie (D:8)
  2 gnolls
  2 worker ant zombies
  12 adders
  4 shadow imps
  An adder zombie (D:6)
  5 worms
  2 dart slugs
  5 leopard geckos
  29 orcs
  15 bats
  6 giant cockroaches
  5 goblins
  7 hobgoblins
  2 jackals (D:1)
  9 kobolds
  2 quokkas
  A ball python (D:2)
  3 frilled lizards
  3 goblin zombies (D:11)
  3 hobgoblin skeletons (D:11)
  4 hobgoblin zombies (D:11)
  A jackal skeleton (D:7)
  2 orc skeletons (D:11)
  13 orc zombies (D:11)
  8 rats
259 creatures vanquished.

Vanquished Creatures (others)
  2 slaves (D:7)
  A bullfrog (D:7)
  5 toadstools (D:1)
8 creatures vanquished.

Grand Total: 267 creatures vanquished

Notes
Turn   | Place    | Note
-------+----------+-------------------------------------------
     0 | D:1      | VLARC the Vine Stalker Gladiator began the quest for the Orb.
     0 | D:1      | Reached XP level 1. HP: 11/11 MP: 2/2
    95 | D:1      | Reached XP level 2. HP: 6/15 MP: 1/3
   474 | D:1      | Reached XP level 3. HP: 14/19 MP: 4/4
  1185 | D:2      | Gained mutation: Your natural rate of healing is unusually fast. [Vine Stalker growth]
  1185 | D:2      | Reached XP level 4. HP: 22/23 MP: 5/5
  1515 | D:2      | Reached XP level 5. HP: 28/28 MP: 6/6
  1518 | D:2      | Noticed Terence
  1631 | D:2      | Killed Terence
  2641 | D:3      | Found a shattered altar of Ashenzari.
  2946 | D:4      | Reached XP level 6. HP: 32/33 MP: 7/7
  2949 | D:4      | Found a hazy altar of Hepliaklqana.
  3054 | D:4      | Reached skill level 5 in Long Blades
  3126 | D:4      | Noticed Mirai's ghost (amateur DECj)
  3141 | D:4      | Killed Mirai's ghost
  3141 | D:4      | Reached skill level 5 in Fighting
  3141 | D:4      | Reached XP level 7. HP: 33/39 MP: 6/8
  3147 | D:4      | Found a hide-covered altar of Uskayaw.
  3174 | D:4      | Became a worshipper of Uskayaw the Reveler
  3443 | D:4      | Reached * piety under Uskayaw
  3447 | D:4      | Reached ** piety under Uskayaw
  3452 | D:4      | Reached *** piety under Uskayaw
  3760 | D:5      | Entered Level 5 of the Dungeon
  3760 | D:5      | Noticed Duvessa
  3761 | D:5      | Noticed Dowan
  3767 | D:5      | Killed Duvessa
  3774 | D:5      | Reached **** piety under Uskayaw
  3776 | D:5      | Killed Dowan
  3776 | D:5      | Gained mutation: You have razor-sharp teeth. [Vine Stalker growth]
  3776 | D:5      | Reached XP level 8. HP: 38/44 MP: 9/9
  3806 | D:5      | Found a staircase to the Ecumenical Temple.
  3865 | D:5      | Found a snail-covered altar of Cheibriados.
  3872 | D:5      | Found a white marble altar of Elyvilon.
  3873 | D:5      | Found a stormy altar of Qazlal.
  3874 | D:5      | Found a radiant altar of Vehumet.
  4033 | D:5      | Noticed Eustachio
  4061 | D:5      | Killed Eustachio
  4236 | D:5      | Found the +7 Singing Sword
  4295 | D:5      | Noticed Edmund
  4304 | D:5      | Killed Edmund
  4305 | D:5      | Noticed Sigmund
  4316 | D:5      | Killed Sigmund
  4572 | D:6      | Found a radiant altar of Vehumet.
  4713 | D:6      | Reached XP level 9. HP: 46/50 MP: 10/10
  4929 | D:6      | Noticed Menkaure
  4944 | D:6      | Killed Menkaure
  5208 | D:7      | Noticed Pikel
  5215 | D:7      | Killed Pikel
  5378 | D:7      | Noticed ZomBoFoB's ghost (novice OgGl)
  5753 | D:7      | Killed ZomBoFoB's ghost
  5753 | D:7      | Reached XP level 10. HP: 58/58 MP: 11/11
  6067 | D:8      | Got a warped ring mail
  6078 | D:8      | Identified the cursed +0 ring mail "Zuonecogh" {Str+3} (You found it on level 8 of the Dungeon)
  6119 | D:8      | Found an opulent altar of Gozag.
  6709 | D:8      | Found a sacrificial altar of Ru.
  6752 | D:8      | Noticed Erica
  6761 | D:8      | Killed Erica
  6761 | D:8      | Reached skill level 10 in Fighting
  6761 | D:8      | Reached skill level 10 in Long Blades
  7052 | D:9      | Noticed a two-headed ogre
  7059 | D:9      | Killed a two-headed ogre
  7076 | D:9      | Noticed Erolcha
  7090 | D:10     | Entered Level 10 of the Dungeon
  7233 | D:10     | Killed an unseen horror
  7334 | D:10     | Noticed a two-headed ogre
  7353 | D:10     | Killed a two-headed ogre
  7353 | D:10     | Reached XP level 11. HP: 54/64 MP: 12/12
  7431 | D:10     | Reached skill level 1 in Invocations
  7434 | D:10     | Reached ***** piety under Uskayaw
  7544 | D:10     | Found a snail-covered altar of Cheibriados.
  7909 | D:11     | Found a staircase to the Orcish Mines.
  8058 | D:11     | Reached ****** piety under Uskayaw
  8197 | D:11     | Noticed a two-headed ogre
  8201 | D:11     | Killed a two-headed ogre
  8237 | D:11     | Noticed a red ugly thing
  8237 | D:11     | Noticed a two-headed ogre
  8241 | D:11     | Killed a red ugly thing
  8248 | D:11     | Mangled by a two-headed ogre

Skill      XL: |  1  2  3  4  5  6  7  8  9 10 11 |
---------------+----------------------------------+-----
Fighting       | 2 3 4 5 7 9 10 11 | 11.0
Long Blades    | 3 4 5 6 7 9 11 | 11.9
Invocations    | 4 |  4.9
Throwing       | |  1.7
Dodging        | |  2.4

Action                   |  1- 3 |  4- 6 |  7- 9 | 10-12 || total
-------------------------+-------+-------+-------+-------++-------
Melee: Long sword        |    73 |   136 |   110 |       ||   319
       Bite              |    23 |    47 |    84 |    71 ||   225
       Double sword      |       |       |    67 |   199 ||   266
Throw: Throwing net      |       |     1 |     5 |     3 ||     9
Invok: Stomp             |       |       |     4 |     6 ||    10
       Line Pass         |       |       |       |     1 ||     1
Evoke: Wand              |       |       |     8 |     1 ||     9
  Use: Scroll            |       |    13 |     1 |     9 ||    23
       Potion            |       |       |       |     3 ||     3
 Stab: Sleeping          |     1 |       |       |       ||     1
       Held in net/web   |       |     1 |     2 |     2 ||     5
       Paralysed         |       |       |     6 |    21 ||    27
  Eat: Chunk             |     1 |     6 |     8 |    11 ||    26
Armor: Leather armour    |    20 |       |       |       ||    20
       Ring mail         |     5 |    49 |    58 |    46 ||   158
       Skin              |       |       |       |     5 ||     5
Dodge: Dodged            |    51 |    75 |   106 |    90 ||   322
Block: Other             |       |       |       |    31 ||    31
       Rpst.: Long sword |    14 |    23 |    26 |       ||    63
       Double sword      |       |       |    17 |    29 ||    46
